 Dungeon Crawl Stone Soup version 0.30-a0-266-g2b27a225a3 (webtiles) character file.

Game seed: 11388021956738164562

374 Decritt the Trooper (level 6, -2/56 HPs)
             Began as a Hill Orc Fighter on Oct 14, 2022.
             Splashed by a jelly's acid (3 damage)
             ... on level 4 of the Dungeon.
             The game lasted 00:07:18 (4037 turns).

Decritt the Trooper (Hill Orc Fighter)              Turns: 4037, Time: 00:07:19

Health: -2/56      AC: -3    Str: 19    XL:     6   Next: 72%
Magic:  8/8        EV:  9    Int: 10    God:
Gold:   169        SH:  4    Dex: 10    Spells: 7/7 levels left

rFire   . . .      SeeInvis .    a - +1 war axe
rCold   . . .      Faith    .    c - +0 buckler
rNeg    . . .      Spirit   .    b - +1 scale mail
rPois   .          Reflect  .    (no helmet)
rElec   .          Harm     .    (no cloak)
rCorr   .          Rampage  .    (no gloves)
Will    +....                    (no boots)
Stlth   ..........               (no amulet)
HPRegen 0.29/turn                q - ring of Kesefusi {Wiz Will+ Slay+3}
MPRegen 0.11/turn                (no ring)

@: corroded
A: no striking features
a: no special abilities


You were on level 4 of the Dungeon.
You visited 1 branch of the dungeon, and saw 5 of its levels.
You also visited: Sewer.

You collected 169 gold pieces.

Inventory:

Hand Weapons
 a - a +1 war axe (weapon)
Armour
 b - a +1 scale mail (worn)
 c - a +0 buckler (worn)
Magical Staves
 m - a staff of poison
Jewellery
 q - the ring of Kesefusi (left hand) {Wiz Will+ Slay+3}
   (You found it on level 2 of the Dungeon)

   [ring of wizardry]

   It improves your spell success rate.
   Slay:      It affects your accuracy & damage with ranged weapons and melee
   (+3).
   Will:      It increases your willpower.
Wands
 l - a wand of digging (6)
Scrolls
 e - 3 scrolls of poison
 o - 2 scrolls of teleportation
 s - a scroll of fear
Potions
 d - a potion of might
 f - 3 potions of curing {unknown}
 g - 4 potions of heal wounds
 h - 3 potions of mutation
 i - a potion of magic {unknown}
 j - 2 potions of haste
 k - 4 potions of invisibility
 n - a potion of ambrosia {unknown}
 p - a potion of brilliance {unknown}


   Skills:
 * Level 5.1 Fighting
 + Level 4.0 Axes
 * Level 4.7 Armour
 * Level 4.6 Shields
 + Level 1.4 Spellcasting
 + Level 2.1 Fire Magic


You had 7 spell levels left.
You didn't know any spells.
Your spell library contained the following spells:

 Spells                   Type           Power      Damage    Failure   Level
 Magic Dart               Conj           0%         1d3       43%         1
 Searing Ray              Conj           0%         2d4       56%         2
 Frozen Ramparts          Ice            0%         1d1       78%         3
 Fulminant Prism          Conj/Hex       0%         3d6       99%         4
 Ice Form                 Ice/Tmut       0%         N/A       99%         4
 Summon Ice Beast         Ice/Summ       0%         N/A       99%         4


Dungeon Overview and Level Annotations

Branches:
Dungeon (5/15)              Sewer (visited)
 Temple: D:4-7

Altars:
Hepliaklqana


Message History

The adder is severely wounded.
You feel sick.
The adder bites you but does no damage. x2
You hit the adder.
You kill the adder!
You feel sick.
You are no longer poisoned.
f - 3 bubbling brown potions (gained 1)
Found 8 stones.
A jelly comes into view.
The jelly quivers.
A kobold comes into view. It is wielding a +0 dagger.
The kobold shouts!
You barely miss the jelly. The jelly hits you but does no damage.
You hit the jelly. The acid corrodes you!
Your hands burn!
The jelly is lightly wounded.
The jelly hits you. The acid corrodes you!
You are splashed with acid!
You slash the jelly!
Your hands burn!
The jelly is almost dead.
The jelly hits you.
You are splashed with acid!
The jelly barely misses you.
You hit the jelly but do no damage.
Your hands burn!
* * * LOW HITPOINT WARNING * * *
The jelly is almost dead.
A jelly comes into view.
The jelly hits you.
* * * LOW HITPOINT WARNING * * *
You are splashed with acid!
* * * LOW HITPOINT WARNING * * *
You barely miss the jelly.
The jelly is almost dead.
The jelly jiggles.
The jelly closely misses you.
You hit the jelly but do no damage.
Your hands burn!
* * * LOW HITPOINT WARNING * * *
The jelly is almost dead.
You block the jelly's attack. The jelly hits you.
* * * LOW HITPOINT WARNING * * *
You are splashed with acid!
* * * LOW HITPOINT WARNING * * *
You hit the jelly. The acid corrodes you!
Your hands burn!
You die...

######### #......(.
#######.##########
.................#
#######.#.######.#
#............##.#
#.##.####...###.##.#
#...@..............#
#.##J####...#.#.##.#
# #K# #...#.#.##.##
#.# #...#.#......
#J# #...#........
#.# #...#..###.##
#.# #.รท.#.## #..
#.# #.....# #.##
#....)####.#


You could see 2 jellies and a kobold.

Vanquished Creatures
  3 jellies (Sewer)
  2 iguanas (D:4)
  Jessica (D:3)
  9 adders
  4 river rats (Sewer)
  A worm (D:3)
  4 dart slugs
  3 orcs
  10 ball pythons
  5 bats (D:1)
  9 endoplasms
  5 giant cockroaches
  5 goblins
  5 hobgoblins
  4 quokkas
  5 frilled lizards
  5 kobolds
  3 rats
83 creatures vanquished.

Notes
Turn   | Place    | Note
-------+----------+-------------------------------------------
     0 | D:1      | Decritt the Hill Orc Fighter began the quest for the Orb.
     0 | D:1      | Reached XP level 1. HP: 19/19 MP: 1/1
   229 | D:1      | Reached XP level 2. HP: 26/27 MP: 2/2
   644 | D:1      | Reached XP level 3. HP: 32/33 MP: 3/3
   990 | D:2      | Reached skill level 4 in Fighting
  1271 | D:2      | Identified the ring of Kesefusi {Wiz Will+ Slay+3}
  1517 | D:3      | Noticed Jessica
  1521 | D:3      | Killed Jessica
  1522 | D:3      | Reached skill level 1 in Fire Magic
  1522 | D:3      | Reached XP level 4. HP: 27/40 MP: 3/5
  1885 | D:3      | Found a glowing drain.
  1890 | Sewer    | Entered a sewer
  2181 | Sewer    | Reached XP level 5. HP: 36/47 MP: 6/6
  2230 | Sewer    | Reached skill level 1 in Spellcasting
  2335 | Sewer    | Found a viscous altar of Jiyva.
  2485 | Sewer    | Reached XP level 6. HP: 50/55 MP: 7/7
  2641 | D:3      | Found a hazy altar of Hepliaklqana.
  3349 | D:3      | Reached skill level 5 in Fighting
  3734 | D:4      | You fall into a shaft and drop 1 floor!
  3734 | D:5      | Entered Level 5 of the Dungeon
  4036 | D:4      | HP: 1/56 [acid (8)]
  4037 | D:4      | Splashed by a jelly's acid

Illustrated notes

Levels and vault maps discovered:
D:1:      dpeg_arrival_three_smaller_balls, layout_basic
D:2:      layout_loops_ring
D:3:      layout_basic, nzn_hepliaklqana_mist_gate, portal_sewer_entry_e,
          serial_co_window_serial, co_window_of_opportunity_a,
          co_window_paths_a, co_window_corner_a, co_window_of_opportunity_a,
          co_window_paths_b, co_window_2corner, co_window_corner_cb,
          co_window_2corner, co_window_corner_ca, co_window_2corner,
          co_window_paths_d, glass_columns_c, glass_columns_b, glass_columns_b,
          glass_columns_b, glass_columns_a, uniq_jessica
D:4:      layout_basic, fedhas_ov_isle_minmay
D:5:      layout_gridville, grunt_decor_cap, kennysheep_big_empty_room

Skill      XL: |  1  2  3  4  5  6 |
---------------+-------------------+-----
Axes           | 3 4 |  4.0
Fighting       | 4 5 |  5.1
Fire Magic     | 1 2 |  2.1
Armour         | 4 |  4.7
Shields        | 4 |  4.6
Spellcasting   | 1 |  1.4

Action                   |  1- 3 |  4- 6 || total
-------------------------+-------+-------++-------
Melee: War axe           |    91 |   141 ||   232
  Use: Scroll            |       |    12 ||    12
Armor: Scale mail        |    46 |    70 ||   116
Dodge: Dodged            |    53 |    65 ||   118
Block: Buckler           |    18 |    23 ||    41

Table legend: (Time is in decaauts)
 A = Elapsed time spent in this place.
 B = Non-inter-level travel time spent in this place.
 C = Inter-level travel time spent in this place.
 D = Time resting spent in this place.
 E = Time spent auto-exploring this place.
 F = Levels seen in this place.
 G = Mean time per level.
                   A        B        C        D        E       F      G
               +--------+--------+--------+--------+--------+-----+--------+
         Total |   4144 |   4085 |     59 |    328 |   3015 |   6 |  690.7 |
       Dungeon |   3466 |   3407 |     59 |     64 |   2764 |   5 |  693.2 |
         Sewer |    677 |    677 |      0 |    264 |    251 |   1 |  677.0 |
               +--------+--------+--------+--------+--------+-----+--------+

Top non-repeatable levels by time:
     D:3: 1444 daAuts
     D:1: 954 daAuts
   Sewer: 677 daAuts
     D:4: 549 daAuts
     D:2: 514 daAuts
     D:5: 4 daAuts
